 Dungeon Crawl Stone Soup version 0.31-a0-986-g5e6e4ef867 (webtiles) character file.

Game seed: 17848892431162540882

84 DocClef the Changeling (level 4, 0/32 HPs)
             Began as a Demonspawn Shapeshifter on Nov 6, 2023.
             Slain by an orc wizard
             ... wielding a +1 dagger of holy wrath
              (3 damage)
             ... on level 3 of the Dungeon.
             The game lasted 00:01:37 (1725 turns).

DocClef the Changeling (Demonspawn Shapeshifter)    Turns: 1725, Time: 00:01:38

Health: 0/32       AC:  3    Str: 16    XL:     4   Next: 23%
Magic:  4/4        EV: 11    Int: 11    God:
Gold:   137        SH:  0    Dex: 13    Spells: 3/3 levels left

rFire   . .          .
                       - Unarmed
rCold   . . .        (no shield)
rNeg    . . .        j - +0 troll leather armour
rPois   .            (helmet currently unavailable)
rElec   .            (cloak currently unavailable)
rCorr   .            (gloves currently unavailable)
SInv    .            (boots currently unavailable)
Will    .....        (no amulet)
Stlth   +            (no ring)
HPRegen 1.05/turn    (no ring)
MPRegen 0.09/turn

%: no passive effects
@: beast-form
A: beast (slay +2), antennae 1
a: Begin Untransformation


You were on level 3 of the Dungeon.
You were a hulking beast.
You visited 1 branch of the dungeon, and saw 3 of its levels.

You collected 137 gold pieces.

Inventory:

Armour
 a - a +0 animal skin
 h - a +0 plate armour
 j - a +0 troll leather armour (worn)
Talismans
 c - a beast talisman
 d - a flux talisman
Scrolls
 f - a scroll of amnesia {unknown}
 g - 2 scrolls of identify {unknown}
 i - a scroll of vulnerability {unknown}
Potions
 b - a potion of lignification
 e - 2 potions of ambrosia {unknown}


   Skills:
 - Level 1.0 Fighting
 - Level 1.7 Dodging
 - Level 2.6 Unarmed Combat
 + Level 4.4 Shapeshifting


You had 3 spell levels left.
You didn't know any spells.
Your spell library was empty.

Dungeon Overview and Level Annotations

Branches:
Dungeon (3/15)

Altars:

Shops:
D:1 :


Innate Abilities, Weirdness & Mutations

You are a hulking beast.
Your limbs bulge with bestial killing power. (Slay +2)
You have a pair of small antennae on your head.


Message History

The orc is heavily wounded.
You hit the orc.
You kill the orc!
You hear some strange, mumbled words.
You are confused.
Things that are here:
a +0 mace; an orc corpse You are too confused!
You are too confused!
You are too confused!
You are too confused!
You are too confused!
You are too confused!
You are too confused!
You are too confused!
You are too confused!
You are too confused!
You are too confused!
You are too confused!
You are too confused!
You are too confused!
You are too confused!
You are too confused!
You are too confused!
You are too confused!
Unknown command.
You bump into the rock wall.
Something hits you.
You convulse.
You barely miss something. Something hits you.
You convulse.
You bump into the rock wall.
Something hits you.
You convulse.
* * * LOW HITPOINT WARNING * * *
You bump into the rock wall.
Something hits you.
* * * LOW HITPOINT WARNING * * *
You convulse.
* * * LOW HITPOINT WARNING * * *
You hit something.
You feel less confused. Something hits you.
* * * LOW HITPOINT WARNING * * *
You convulse.
You die...

####### #.(.... #.
#.##### #.# #.# # #.#
#.# # # ##.## #.# #
###.# ##...###.# #
....!o#####.....##.# #
....So{h........†..# #
###.#####.#.....######
# #.##............
#.......########
#######.# #.# #.# #>.
#.#


You could see an adder and 2 orcs.

Vanquished Creatures
  3 adders (D:2)
  A worm (D:2)
  A dart slug (D:2)
  An orc (D:3)
  8 bats
  4 endoplasms
  2 giant cockroaches (D:1)
  3 goblins (D:2)
  4 hobgoblins
  2 jackals (D:2)
  6 quokkas
  6 ball pythons
  A frilled lizard (D:1)
  2 kobolds
  3 rats
47 creatures vanquished.

Notes
Turn   | Place    | Note
-------+----------+-------------------------------------------
     0 | D:1      | DocClef the Demonspawn Shapeshifter began the quest for the
                  | Orb.
     0 | D:1      | Reached XP level 1. HP: 15/15 MP: 1/1
    92 | D:1      | Reached skill level 3 in Shapeshifting
    96 | D:1      | Found Zezopuun's Book Boutique.
   142 | D:1      | Gained mutation: You have a pair of small antennae on your
                  | head. [demonic ancestry]
   142 | D:1      | Reached XP level 2. HP: 18/21 MP: 2/2
   844 | D:2      | Reached XP level 3. HP: 25/26 MP: 3/3
   909 | D:2      | Reached skill level 4 in Shapeshifting
  1447 | D:2      | Reached XP level 4. HP: 30/32 MP: 4/4
  1725 | D:3      | Slain by an orc wizard

Illustrated notes

Levels and vault maps discovered:
D:1:      lightli_arrival_windingriver, layout_basic, serial_shops, shop,
          minmay_unequal
D:2:      minmay_recursive_quarters, layout_basic
D:3:      layout_loops_ring, amethyst_killhole

Skill      XL: |  1  2  3 |
---------------+----------+-----
Shapeshifting  | 3 4 |  4.4
Fighting       | |  1.0
Dodging        | |  1.7
Unarmed Combat | |  2.6

Action                     |  1- 3 |  4- 6 || total
---------------------------+-------+-------++-------
  Melee: Unarmed           |   130 |    30 ||   160
         Punch             |     4 |     1 ||     5
 Armour: Animal skin       |    36 |       ||    36
         Plate armour      |    65 |       ||    65
         Troll leather arm |    16 |    23 ||    39
  Dodge: Dodged            |    70 |    12 ||    82

Table legend: (Time is in decaauts)
 A = Elapsed time spent in this place.
 B = Non-inter-level travel time spent in this place.
 C = Inter-level travel time spent in this place.
 D = Time resting spent in this place.
 E = Time spent auto-exploring this place.
 F = Levels seen in this place.
 G = Mean time per level.
                   A        B        C        D        E       F      G
               +--------+--------+--------+--------+--------+-----+--------+
         Total |   1718 |   1654 |     64 |     63 |   1250 |   3 |  572.7 |
       Dungeon |   1718 |   1654 |     64 |     63 |   1250 |   3 |  572.7 |
               +--------+--------+--------+--------+--------+-----+--------+

Top non-repeatable levels by time:
     D:2: 882 daAuts
     D:1: 781 daAuts
     D:3: 54 daAuts
